 Dungeon Crawl Stone Soup version 0.31-a0-152-g6aa68a64a1 (webtiles) character file.

Game seed: 18072688542626261316

196 qw the Shooter (level 5, -3/49 HPs)
             Began as a Naga Hunter on June 10, 2023.
             Slain by an iguana (11 damage)
             ... on level 4 of the Dungeon.
             The game lasted 00:00:56 (2057 turns).

qw the Shooter (Naga Hunter)                        Turns: 2057, Time: 00:00:56

Health: -3/49      AC:  4    Str: 13    XL:     5   Next: 75%
Magic:  5/5        EV:  9    Int:  9    God:
Gold:   146        SH:  0    Dex: 17    Spells: 4/4 levels left

rFire   . . .        Y - +1 shortbow
rCold   + . .        (shield currently unavailable)
rNeg    . . .        c - +0 leather armour
rPois   +            (no helmet)
rElec   .            a - +0 cloak
rCorr   .            (no gloves)
SInv    +            (no barding)
Will    .....        (no amulet)
Stlth   ++           f - ring of protection from cold
HPRegen 0.28/turn    (no ring)
MPRegen 0.09/turn

%: no passive effects
@: about to teleport, very slow
A: AC +1, large, see invisible, deformed body, poison resistance, slowness 2,
spit poison 1, naga tail 1
a: Spit Poison


You were on level 4 of the Dungeon.
You visited 1 branch of the dungeon, and saw 4 of its levels.

You collected 146 gold pieces.


Innate Abilities, Weirdness & Mutations

Your serpentine skin is tough. (AC +1)
You have supernaturally acute eyesight. (SInv)
Armour fits poorly on your strangely shaped body.
Your system is resistant to poisons. (rPois)
You cover ground very slowly.
You can spit poison.
You have a snake-like lower body.


   Skills:
 - Level 3.5 Fighting
 + Level 5.5 Ranged Weapons
 - Level 1.5 Dodging
 - Level 1.5 Stealth


You had 4 spell levels left.
You didn't know any spells.
Your spell library was empty.

Inventory:

Hand Weapons
 Y - a +1 shortbow (weapon)
Armour
 a - a +0 cloak (worn)
 c - a +0 leather armour (worn)
Jewellery
 f - a ring of protection from cold (left hand)
Scrolls
 e - a scroll of identify
Potions
 b - a potion of heal wounds {unknown}
 i - a potion of brilliance {unknown}

Dungeon Overview and Level Annotations

Branches:
Dungeon (4/15)
 Temple: D:4-7

Altars:

Shops:
D:1 [


Message History

Found a sling and 11 gold pieces.
The hound moves out of view.
2049 ||| INVOKING Spit Poison.
Aiming: Spit Poison (1% risk of failure)
Press: ? - help, Shift-Dir - straight line, f - iguana The splash of poison hits the iguana!
The iguana is poisoned.
The iguana is heavily wounded.
The iguana hisses angrily.
You shoot an arrow.
The arrow hits the iguana but does no damage.
The iguana is heavily wounded.
You shoot an arrow. The arrow closely misses the iguana.
You shoot an arrow. The arrow barely misses the iguana.
The iguana closely misses you. The iguana bites you!
The giant cockroach completely misses you.
You shoot an arrow. The arrow closely misses the iguana.
The iguana looks more healthy.
The giant cockroach bites you but does no damage.
The iguana bites you.
You shoot an arrow.
The arrow hits the iguana but does no damage.
The iguana is almost dead.
You have got your breath back.
The giant cockroach bites you. The iguana bites you.
2055 ||| INVOKING Spit Poison.
Aiming: Spit Poison (1% risk of failure)
Press: ? - help, Shift-Dir - straight line, f/p - iguana The splash of poison misses the iguana.
The giant cockroach bites you but does no damage.
The iguana bites you!
The giant cockroach bites you but does no damage.
You shoot an arrow. The arrow barely misses the iguana.
The iguana bites you!
The giant cockroach bites you but does no damage.
2057 ||| READING scroll of teleportation.
As you read the scroll of teleportation, it crumbles to dust.
You feel strangely unstable.
You have got your breath back.
The giant cockroach bites you but does no damage.
The iguana bites you!
You die...

#..##..##.....
#.................#
#..##.<...........#
#.................
#.......(........#
...#...............###
.#.+.................#
###............B.)..#
#............@....#
#.......)...l.....#
#.................#
+##........$#
#.........#
#.........#
...........
##.####....##


You could see an iguana and a giant cockroach.

Vanquished Creatures
  2 orc priests
  An orc wizard (D:4)
  3 adders
  A worm (D:3)
  7 orcs
  6 endoplasms
  3 giant cockroaches (D:1)
  8 goblins
  4 hobgoblins
  4 jackals (D:1)
  3 quokkas
  7 ball pythons
  7 bats
  3 frilled lizards
  10 kobolds
  4 rats
73 creatures vanquished.

Notes
Turn   | Place    | Note
-------+----------+-------------------------------------------
     0 | D:1      | qw the Naga Hunter began the quest for the Orb.
     0 | D:1      | Reached XP level 1. HP: 19/19 MP: 1/1
     0 | D:1      | 0 ||| qw: Version: 0.2-a-29-gd901d54
     0 | D:1      | 0 ||| qw: Game counter: 3953
     0 | D:1      | 0 ||| qw: Always use a shield: true
     0 | D:1      | 0 ||| qw: God list: Okawaru
     0 | D:1      | 0 ||| qw: Allow faded altars: false
     0 | D:1      | 0 ||| qw: Do Orc after D:15 true
     0 | D:1      | 0 ||| qw: Do second Lair branch before Depths: true
     0 | D:1      | 0 ||| qw: Lair rune preference: random
     0 | D:1      | 0 ||| qw: Plans: Normal
     0 | D:1      | 0 ||| PLANNING D:1-11
    25 | D:1      | 25 ||| INVOKING Spit Poison.
    34 | D:1      | 34 ||| INVOKING Spit Poison.
    54 | D:1      | 54 ||| INVOKING Spit Poison.
    72 | D:1      | 72 ||| INVOKING Spit Poison.
    79 | D:1      | Reached skill level 4 in Ranged Weapons
    79 | D:1      | Reached XP level 2. HP: 26/26 MP: 2/2
    80 | D:1      | 80 ||| INVOKING Spit Poison.
    83 | D:1      | 83 ||| INVOKING Spit Poison.
   119 | D:1      | 119 ||| INVOKING Spit Poison.
   124 | D:1      | 124 ||| INVOKING Spit Poison.
   128 | D:1      | 128 ||| INVOKING Spit Poison.
   134 | D:1      | 134 ||| INVOKING Spit Poison.
   137 | D:1      | 137 ||| INVOKING Spit Poison.
   164 | D:1      | Found Paschoiz's Antique Armour Shoppe.
   172 | D:1      | 172 ||| SHOPLISTING dyed leather armour (155 gold, have
                  | 13).
   172 | D:1      | 172 ||| SHOPLISTING helmet (139 gold, have 13).
   270 | D:1      | 270 ||| INVOKING Spit Poison.
   275 | D:1      | 275 ||| INVOKING Spit Poison.
   327 | D:1      | 327 ||| INVOKING Spit Poison.
   340 | D:1      | 340 ||| INVOKING Spit Poison.
   413 | D:1      | 413 ||| INVOKING Spit Poison.
   422 | D:1      | 422 ||| INVOKING Spit Poison.
   466 | D:1      | 466 ||| INVOKING Spit Poison.
   473 | D:1      | Reached XP level 3. HP: 23/32 MP: 3/3
   538 | D:1      | 538 ||| INVOKING Spit Poison.
   554 | D:1      | 554 ||| INVOKING Spit Poison.
   558 | D:1      | 558 ||| INVOKING Spit Poison.
   564 | D:1      | 564 ||| INVOKING Spit Poison.
   647 | D:1      | 647 ||| INVOKING Spit Poison.
   650 | D:1      | 650 ||| UPGRADING to ring of protection from cold.
   651 | D:1      | 651 ||| READING scroll labelled FAWOYNI UBEN.
   652 | D:1      | 652 ||| READING scroll labelled XIAN ZE HUAFA.
   653 | D:1      | 653 ||| READING scroll labelled XUFFUI ACHIXTY.
   654 | D:1      | 654 ||| READING scroll labelled EJAQOE YNUJUT.
   655 | D:1      | 655 ||| DROPPING scroll of butterflies.
   722 | D:2      | 722 ||| INVOKING Spit Poison.
   808 | D:2      | 808 ||| INVOKING Spit Poison.
   853 | D:2      | 853 ||| INVOKING Spit Poison.
   869 | D:2      | 869 ||| INVOKING Spit Poison.
   874 | D:2      | Reached skill level 5 in Ranged Weapons
   891 | D:2      | Reached XP level 4. HP: 39/39 MP: 4/4
   932 | D:2      | 932 ||| INVOKING Spit Poison.
   958 | D:2      | 958 ||| INVOKING Spit Poison.
   992 | D:2      | 992 ||| INVOKING Spit Poison.
  1016 | D:2      | 1016 ||| INVOKING Spit Poison.
  1179 | D:2      | 1179 ||| INVOKING Spit Poison.
  1501 | D:2      | 1501 ||| UPGRADING to +0 cloak.
  1506 | D:2      | 1506 ||| DROPPING ring of magical power.
  1507 | D:2      | 1507 ||| READING scroll labelled IDIX KOUCAFABB.
  1508 | D:2      | 1508 ||| READING 2 scrolls labelled SUORATS WAHA.
  1513 | D:2      | 1513 ||| READING 2 scrolls labelled FEJOUSHR OHAULA.
  1514 | D:2      | 1514 ||| READING scroll labelled VOROBUNIDASH.
  1541 | D:3      | 1541 ||| INVOKING Spit Poison.
  1634 | D:3      | 1634 ||| INVOKING Spit Poison.
  1658 | D:3      | 1658 ||| INVOKING Spit Poison.
  1661 | D:3      | 1661 ||| INVOKING Spit Poison.
  1684 | D:3      | 1684 ||| INVOKING Spit Poison.
  1691 | D:3      | 1691 ||| INVOKING Spit Poison.
  1718 | D:3      | 1718 ||| INVOKING Spit Poison.
  1797 | D:3      | 1797 ||| INVOKING Spit Poison.
  1800 | D:3      | 1800 ||| INVOKING Spit Poison.
  1808 | D:3      | 1808 ||| INVOKING Spit Poison.
  1811 | D:3      | Reached skill level 3 in Fighting
  1811 | D:3      | Reached XP level 5. HP: 36/49 MP: 5/5
  1913 | D:3      | 1913 ||| READING scroll labelled CAPTAF EQOMM.
  1922 | D:4      | 1922 ||| PLANNING OSSUARY
  1922 | D:4      | 1922 ||| INVOKING Spit Poison.
  1928 | D:4      | 1928 ||| INVOKING Spit Poison.
  1934 | D:4      | 1934 ||| INVOKING Spit Poison.
  1965 | D:4      | 1965 ||| INVOKING Spit Poison.
  1971 | D:4      | 1971 ||| INVOKING Spit Poison.
  2049 | D:4      | 2049 ||| INVOKING Spit Poison.
  2055 | D:4      | 2055 ||| INVOKING Spit Poison.
  2056 | D:4      | HP: 7/49 [iguana (8)]
  2057 | D:4      | 2057 ||| READING scroll of teleportation.
  2057 | D:4      | Slain by an iguana

Levels and vault maps discovered:
D:1:      wander_arrival_lonely_grave, layout_loops_ring, serial_shops,
          shop_fountains
D:2:      layout_basic, serial_forest, infiniplex_forest_lined_4_way,
          infiniplex_forest_clump_medium, infiniplex_forest_end_3,
          infiniplex_forest_straight_1, infiniplex_forest_clump_curved,
          infiniplex_forest_end_1
D:3:      layout_rooms
D:4:      layout_basic, chequers_ossuary_entry_cave,
          nicolae_shop_i_like_big_books

Skill      XL: |  1  2  3  4 |
---------------+-------------+-----
Ranged Weapons | 4 5 |  5.5
Fighting       | 3 |  3.5
Dodging        | |  1.5
Stealth        | |  1.5

Action                     |  1- 3 |  4- 6 || total
---------------------------+-------+-------++-------
   Fire: Shortbow          |    74 |    73 ||   147
Ability: Spit Poison       |    27 |    22 ||    49
    Use: Scroll            |     4 |     6 ||    10
 Armour: Leather armour    |     7 |    11 ||    18
  Dodge: Dodged            |    17 |    10 ||    27

Table legend:
 A = Non-vault XP
 B = Vault XP
 C = Vault XP percentage of total XP
 D = Non-vault monster count
 E = Vault monster count
 F = Vault count percentage of total count
                 A         B        C        D         E       F
            +---------+---------+-------+---------+---------+-------
      Total |     281 |       0 |   0.0 |      73 |       0 |   0.0
            +---------+---------+-------+---------+---------+-------
        D:1 |      47 |       0 |   0.0 |      29 |       0 |   0.0
        D:2 |      46 |       0 |   0.0 |      15 |       0 |   0.0
        D:3 |      85 |       0 |   0.0 |      21 |       0 |   0.0
        D:4 |     103 |       0 |   0.0 |       8 |       0 |   0.0
            +---------+---------+-------+---------+---------+-------
